General information
- name: BNet
- type: Ladder team game (AT/RT)
- host: Battle.net
- saver: 8))))
map: Battleground
- players: 8
- length: 63:52
- speed: Fast
- version: 1.28 W3XP
- replay type: Public
» download(595 KB)
Players
team 1 (loser)
Promaster (
purple | 67 APM | 3989 actions | 59:05)
5 Archmage
3 Summon Water Elemental
2 Brilliance Aura
4 Mountain King
2 Storm Bolt
2 Bash
1 Priestess of the Moon
1 Trueshot Aura
1 Demon Hunter
1 Mana Burn
» actions
| Assign group hotkey | 93 | |
| Basic commands | 132 | |
| Build / train | 123 | |
| Enter build submenu | 22 | |
| Enter hero's abilities submenu | 11 | |
| Right click | 2367 | |
| Select / deselect | 685 | |
| Select group hotkey | 339 | |
| Use ability | 217 | |
3989 total
» units
| Peasant | 20 | |
| Footman | 7 | |
| Sorceress | 11 | |
| Spell Breaker | 8 | |
| Priest | 4 | |
| Wisp | 10 | |
| Hippogryph | 4 | |
| Chimaera | 8 | |
72 total
» upgrades
| Defend | 1 | |
| Sorceress Training | 2 | |
| Priest Training | 1 | |
| Magic Sentry | 1 | |
| Moon Armor | 1 | |
| Reinforced Hides | 2 | |
| Strength of the Wild | 3 | |
| Corrosive Breath | 1 | |
| Nature's Blessing | 1 | |
| Ultravision | 1 | |
14 total
» buildings
| Altar of Kings | 2 | |
| Barracks | 1 | |
| Farm | 7 | |
| Keep | 2 | |
| Arcane Vault | 1 | |
| Arcane Sanctum | 2 | |
| Castle | 1 | |
| Ancient of Wind | 1 | |
| Tree of Eternity | 1 | |
| Chimaera Roost | 2 | |
| Moon Well | 3 | |
23 total
» build order
00:09 Altar of Kings
00:13 Altar of Kings
00:25 Barracks
00:26 Farm
01:27 Farm
02:41 Keep
02:41 Keep
02:53 Farm
03:06 Farm
03:48 Arcane Vault
05:04 Arcane Sanctum
05:16 Farm
05:43 Arcane Sanctum
06:14 Farm
13:24 Farm
13:29 Castle
28:18 Ancient of Wind
28:30 Tree of Eternity
31:13 Chimaera Roost
31:14 Chimaera Roost
32:03 Moon Well
32:05 Moon Well
32:46 Moon Well
» items
| Scroll of Regeneration | 6 | |
| Lesser Clarity Potion | 3 | |
| Scroll of Town Portal | 5 | |
| Potion of Healing | 1 | |
15 total

»
Gaia[GGL] (
yellow | 53 APM | 121 actions | 02:15)
» actions
| Assign group hotkey | 4 | |
| Build / train | 12 | |
| Enter build submenu | 5 | |
| Right click | 53 | |
| Select / deselect | 38 | |
| Select group hotkey | 3 | |
| Use ability | 6 | |
121 total
» units
» buildings
| Altar of Elders | 1 | |
| Moon Well | 2 | |
| Ancient of War | 2 | |
5 total
» build order
00:11 Altar of Elders
00:18 Moon Well
00:38 Ancient of War
01:41 Moon Well
02:03 Ancient of War

»
p3n1s (
orange | 44 APM | 2612 actions | 58:57)
7 Archmage
3 Summon Water Elemental
2 Brilliance Aura
1 Mass Teleport
1 Blizzard
» actions
| Assign group hotkey | 72 | |
| Basic commands | 10 | |
| Build / train | 128 | |
| ESC pressed | 7 | |
| Enter build submenu | 45 | |
| Enter hero's abilities submenu | 7 | |
| Give item / drop item | 10 | |
| Right click | 1237 | |
| Select / deselect | 519 | |
| Select group hotkey | 367 | |
| Use ability | 210 | |
2612 total
» units
| Peasant | 26 | |
| Archer | 15 | |
| Dragonhawk Rider | 8 | |
| Gryphon Rider | 5 | |
| Hippogryph | 13 | |
| Knight | 4 | |
71 total
» upgrades
| Masonry | 2 | |
| Swords | 2 | |
| Armor | 2 | |
| Lumber Harvesting | 2 | |
| Cloud | 1 | |
| Hippogryph Taming | 1 | |
| Strength of the Moon | 2 | |
| Storm Hammers | 1 | |
| Reinforced Hides | 1 | |
| Improved Bows | 1 | |
| Moon Armor | 1 | |
| Plating | 2 | |
18 total
» buildings
| Altar of Kings | 2 | |
| Farm | 16 | |
| Scout Tower | 4 | |
| Arcane Tower | 1 | |
| Arcane Vault | 2 | |
| Keep | 1 | |
| Lumber Mill | 3 | |
| Blacksmith | 1 | |
| Tree of Ages | 1 | |
| Guard Tower | 1 | |
| Moon Well | 3 | |
| Castle | 1 | |
| Gryphon Aviary | 2 | |
| Ancient of Wind | 2 | |
| Hunter's Hall | 1 | |
| Town Hall | 4 | |
| Barracks | 2 | |
47 total
» build order
00:02 Altar of Kings
00:27 Farm
01:09 Scout Tower
01:37 Farm
02:08 Arcane Tower
02:57 Scout Tower
03:01 Arcane Vault
03:23 Keep
03:30 Lumber Mill
03:35 Blacksmith
03:38 Scout Tower
03:40 Scout Tower
03:46 Tree of Ages
04:57 Guard Tower
05:02 Farm
05:29 Moon Well
05:31 Moon Well
05:49 Castle
05:54 Farm
06:04 Gryphon Aviary
07:04 Ancient of Wind
07:05 Ancient of Wind
07:11 Hunter's Hall
07:24 Gryphon Aviary
07:30 Farm
09:07 Farm
09:25 Moon Well
17:33 Town Hall
22:48 Barracks
22:49 Barracks
23:08 Town Hall
30:08 Town Hall
32:26 Farm
33:57 Farm
34:44 Farm
36:09 Farm
36:54 Farm
39:39 Arcane Vault
41:28 Town Hall
42:03 Farm
42:08 Farm
42:15 Farm
42:50 Farm
43:59 Altar of Kings
46:01 Farm
46:22 Lumber Mill
48:33 Lumber Mill
» items
| Scroll of Regeneration | 9 | |
| Lesser Clarity Potion | 5 | |
| Scroll of Town Portal | 7 | |
| Potion of Healing | 2 | |
| Orb of Fire | 1 | |
| Potion of Lesser Invulnerability | 1 | |
25 total
KillyKillyKilly (
teal | 72 APM | 4600 actions | 63:51)
9 Archmage
3 Summon Water Elemental
3 Brilliance Aura
1 Mass Teleport
2 Blizzard
4 Mountain King
2 Storm Bolt
2 Bash
» actions
| Assign group hotkey | 90 | |
| Basic commands | 80 | |
| Build / train | 146 | |
| Enter build submenu | 70 | |
| Enter hero's abilities submenu | 13 | |
| Give item / drop item | 7 | |
| Remove unit from queue | 3 | |
| Right click | 1856 | |
| Select / deselect | 587 | |
| Select group hotkey | 1428 | |
| Use ability | 319 | |
4600 total
» units
| Peasant | 18 | |
| Footman | 4 | |
| Dragonhawk Rider | 16 | |
| Gryphon Rider | 12 | |
50 total
» upgrades
| Lumber Harvesting | 2 | |
| Masonry | 3 | |
| Swords | 3 | |
| Armor | 3 | |
| Animal War Training | 1 | |
| Cloud | 1 | |
| Storm Hammers | 1 | |
| Magic Sentry | 1 | |
15 total
» buildings
| Altar of Kings | 1 | |
| Barracks | 1 | |
| Farm | 8 | |
| Keep | 1 | |
| Arcane Vault | 3 | |
| Lumber Mill | 1 | |
| Scout Tower | 47 | |
| Arcane Tower | 4 | |
| Gryphon Aviary | 6 | |
| Blacksmith | 2 | |
| Castle | 1 | |
| Guard Tower | 21 | |
| Town Hall | 3 | |
| Arcane Sanctum | 1 | |
100 total
» build order
00:49 Altar of Kings
00:52 Barracks
00:54 Farm
01:00 Farm
01:04 Farm
03:14 Keep
03:45 Arcane Vault
03:48 Lumber Mill
04:00 Farm
04:24 Scout Tower
04:26 Scout Tower
05:01 Arcane Tower
05:02 Arcane Tower
06:28 Gryphon Aviary
06:29 Gryphon Aviary
07:01 Farm
07:03 Farm
07:45 Blacksmith
07:47 Blacksmith
09:13 Castle
09:21 Scout Tower
09:22 Scout Tower
09:22 Scout Tower
09:25 Scout Tower
09:25 Scout Tower
09:26 Scout Tower
10:28 Guard Tower
13:21 Farm
15:50 Town Hall
15:55 Arcane Vault
16:00 Scout Tower
16:01 Scout Tower
16:03 Scout Tower
16:04 Scout Tower
16:05 Scout Tower
16:05 Scout Tower
16:06 Scout Tower
16:07 Scout Tower
16:07 Scout Tower
16:07 Scout Tower
16:08 Scout Tower
16:08 Scout Tower
16:51 Guard Tower
19:02 Scout Tower
19:06 Guard Tower
19:46 Arcane Tower
19:47 Scout Tower
19:51 Scout Tower
19:52 Scout Tower
19:53 Scout Tower
19:54 Scout Tower
19:54 Scout Tower
19:55 Scout Tower
20:30 Arcane Sanctum
20:35 Arcane Tower
21:15 Guard Tower
21:17 Scout Tower
23:40 Guard Tower
23:47 Scout Tower
29:50 Gryphon Aviary
29:51 Gryphon Aviary
32:21 Town Hall
32:24 Scout Tower
32:25 Scout Tower
32:25 Scout Tower
32:25 Scout Tower
32:40 Scout Tower
32:42 Scout Tower
32:43 Scout Tower
33:13 Guard Tower
34:09 Guard Tower
37:16 Gryphon Aviary
37:19 Gryphon Aviary
37:33 Farm
42:49 Town Hall
42:52 Scout Tower
42:52 Scout Tower
42:53 Scout Tower
42:54 Scout Tower
42:54 Scout Tower
42:55 Scout Tower
42:58 Arcane Vault
43:05 Scout Tower
43:06 Scout Tower
43:07 Scout Tower
43:08 Scout Tower
43:26 Guard Tower
43:46 Guard Tower
43:50 Guard Tower
43:50 Guard Tower
43:50 Guard Tower
43:50 Guard Tower
43:53 Guard Tower
43:53 Guard Tower
43:53 Guard Tower
43:55 Guard Tower
43:55 Guard Tower
45:00 Guard Tower
45:09 Guard Tower
45:57 Guard Tower
» items
| Scroll of Regeneration | 8 | |
| Mechanical Critter | 6 | |
| Scroll of Town Portal | 7 | |
| Dust of Appearance | 4 | |
| Staff of Sanctuary | 2 | |
| Periapt of Vitality | 3 | |
| Scroll of Protection | 3 | |
| Boots of Speed | 1 | |
| Potion of Lesser Invulnerability | 1 | |
| Scroll of Healing | 1 | |
36 total
team 2 (winner)
DevouR (
green | 30 APM | 1917 actions | 63:51)
5 Blademaster
3 Wind Walk
2 Critical Strike
1 Shadow Hunter
1 Hex
» actions
| Assign group hotkey | 15 | |
| Basic commands | 1 | |
| Build / train | 44 | |
| Enter build submenu | 22 | |
| Enter hero's abilities submenu | 6 | |
| Give item / drop item | 5 | |
| Remove unit from queue | 1 | |
| Right click | 1017 | |
| Select / deselect | 254 | |
| Select group hotkey | 420 | |
| Use ability | 132 | |
1917 total
» units
| Peon | 8 | |
| Grunt | 7 | |
| Raider | 4 | |
| Troll Batrider | 2 | |
21 total
» upgrades
» buildings
| Altar of Storms | 1 | |
| Orc Burrow | 7 | |
| Barracks | 1 | |
| War Mill | 1 | |
| Voodoo Lounge | 1 | |
| Watch Tower | 4 | |
| Stronghold | 1 | |
| Beastiary | 2 | |
| Great Hall | 1 | |
19 total
» build order
00:22 Altar of Storms
00:34 Orc Burrow
00:50 Barracks
01:40 Orc Burrow
02:08 Orc Burrow
02:51 War Mill
03:28 Voodoo Lounge
04:49 Watch Tower
04:55 Watch Tower
04:59 Watch Tower
05:12 Orc Burrow
05:29 Orc Burrow
06:39 Stronghold
07:46 Watch Tower
09:12 Beastiary
09:13 Beastiary
10:27 Orc Burrow
11:19 Orc Burrow
24:00 Great Hall
» items
| Healing Salve | 4 | |
| Boots of Speed | 1 | |
| Circlet of Nobility | 1 | |
| Potion of Lesser Invulnerability | 1 | |
| Lesser Clarity Potion | 1 | |
| Scroll of Town Portal | 1 | |
| Potion of Healing | 1 | |
| Orb of Lightning | 1 | |
11 total

»
Adagiomang (
red | 62 APM | 3543 actions | 57:07)
7 Blademaster
3 Wind Walk
3 Critical Strike
1 Bladestorm
4 Shadow Hunter
2 Healing Wave
2 Hex
» actions
| Assign group hotkey | 32 | |
| Basic commands | 296 | |
| Build / train | 87 | |
| Enter build submenu | 12 | |
| Enter hero's abilities submenu | 11 | |
| Give item / drop item | 2 | |
| Remove unit from queue | 2 | |
| Right click | 2468 | |
| Select / deselect | 421 | |
| Select group hotkey | 38 | |
| Use ability | 174 | |
3543 total
» units
| Peon | 7 | |
| Grunt | 9 | |
| Forest Troll Shadow Priest | 1 | |
| Raider | 1 | |
| Wind Rider | 1 | |
| Troll Batrider | 26 | |
45 total
» upgrades
| Ensnare | 1 | |
| Armor | 1 | |
| Berserker Strength | 1 | |
| Spiked Barricades | 1 | |
| Reinforced Defenses | 1 | |
5 total
» buildings
| Altar of Storms | 1 | |
| Orc Burrow | 5 | |
| Barracks | 1 | |
| Stronghold | 1 | |
| Voodoo Lounge | 1 | |
| Beastiary | 2 | |
| War Mill | 2 | |
| Fortress | 1 | |
14 total
» build order
00:06 Altar of Storms
00:22 Orc Burrow
00:51 Barracks
02:01 Orc Burrow
02:53 Stronghold
03:38 Orc Burrow
04:55 Orc Burrow
05:03 Voodoo Lounge
05:51 Beastiary
06:36 War Mill
10:48 Orc Burrow
12:58 Fortress
15:32 Beastiary
15:40 War Mill
» items
| Healing Salve | 3 | |
| Scroll of Healing | 2 | |
| Scroll of Protection | 2 | |
| Potion of Lesser Invulnerability | 4 | |
| Orb of Lightning | 2 | |
| Boots of Speed | 2 | |
| Orb of Corruption | 2 | |
17 total
8)))) (
pink | 139 APM | 8852 actions | 63:52)
7 Blademaster
3 Wind Walk
3 Critical Strike
1 Bladestorm
6 Shadow Hunter
2 Healing Wave
3 Hex
1 Big Bad Voodoo
4 Tauren Chieftain
2 Endurance Aura
2 War Stomp
» actions
| Assign group hotkey | 96 | |
| Basic commands | 483 | |
| Build / train | 153 | |
| ESC pressed | 9 | |
| Enter build submenu | 48 | |
| Enter hero's abilities submenu | 17 | |
| Give item / drop item | 6 | |
| Right click | 3060 | |
| Select / deselect | 898 | |
| Select group hotkey | 3749 | |
| Use ability | 333 | |
8852 total
» units
| Peon | 13 | |
| Grunt | 4 | |
| Forest Troll Berserker | 1 | |
| Forest Troll Shadow Priest | 1 | |
| Troll Headhunter/Berserker | 12 | |
| Kodo Beast | 3 | |
| Spirit Walker | 1 | |
| Shaman | 4 | |
| Troll Witch Doctor | 2 | |
| Raider | 1 | |
| Tauren | 1 | |
| Troll Batrider | 9 | |
52 total
» upgrades
| Berserker Strength | 1 | |
| Ranged Weapons | 3 | |
| Armor | 4 | |
| Berserker Upgrade | 1 | |
| Reinforced Defenses | 1 | |
| Pillage | 1 | |
| Troll Regeneration | 1 | |
| War Drums Damage Increase | 1 | |
| Spiked Barricades | 3 | |
| Envenomed Spears | 1 | |
| Ensnare | 1 | |
| Shaman Training | 2 | |
| Melee Weapons | 3 | |
| Witch Doctor Training | 2 | |
| Spirit Walker Training | 2 | |
| Liquid Fire | 1 | |
| Pulverize | 1 | |
| Burning Oil | 1 | |
30 total
» buildings
| Orc Burrow | 9 | |
| Altar of Storms | 1 | |
| Barracks | 2 | |
| Voodoo Lounge | 2 | |
| Stronghold | 2 | |
| War Mill | 1 | |
| Fortress | 3 | |
| Watch Tower | 23 | |
| Great Hall | 2 | |
| Beastiary | 2 | |
| Spirit Lodge | 2 | |
| Tauren Totem | 2 | |
51 total
» build order
00:11 Orc Burrow
00:49 Altar of Storms
00:52 Barracks
01:20 Orc Burrow
01:49 Voodoo Lounge
02:10 Orc Burrow
03:45 Stronghold
03:46 Stronghold
04:13 War Mill
05:05 Orc Burrow
06:51 Fortress
06:51 Fortress
06:51 Fortress
09:10 Watch Tower
09:56 Watch Tower
09:57 Watch Tower
10:42 Great Hall
11:09 Watch Tower
11:10 Watch Tower
12:29 Watch Tower
12:30 Watch Tower
13:44 Watch Tower
13:59 Watch Tower
14:05 Watch Tower
14:08 Watch Tower
14:17 Beastiary
14:18 Beastiary
16:01 Watch Tower
16:07 Watch Tower
19:20 Spirit Lodge
19:23 Spirit Lodge
19:54 Barracks
21:18 Orc Burrow
21:20 Orc Burrow
25:00 Great Hall
25:19 Watch Tower
25:20 Watch Tower
25:21 Watch Tower
25:22 Watch Tower
25:23 Watch Tower
27:02 Watch Tower
27:04 Watch Tower
27:06 Orc Burrow
27:10 Voodoo Lounge
31:27 Tauren Totem
31:28 Tauren Totem
31:36 Watch Tower
31:40 Watch Tower
31:58 Watch Tower
50:23 Orc Burrow
52:40 Orc Burrow
» items
| Healing Salve | 3 | |
| Lesser Clarity Potion | 2 | |
| Orb of Lightning | 3 | |
| Boots of Speed | 2 | |
| Periapt of Vitality | 2 | |
| Circlet of Nobility | 1 | |
| Potion of Lesser Invulnerability | 1 | |
| Scroll of Protection | 1 | |
| Staff of Teleportation | 2 | |
| Scroll of Town Portal | 1 | |
| Tiny Great Hall | 1 | |
19 total

»
ConsiderLosing (
blue | 59 APM | 3373 actions | 57:10)
5 Death Knight
3 Death Coil
2 Unholy Aura
4 Lich
2 Frost Nova
1 Dark Ritual
1 Frost Armor
» actions
| Assign group hotkey | 42 | |
| Basic commands | 20 | |
| Build / train | 71 | |
| ESC pressed | 4 | |
| Enter build submenu | 22 | |
| Enter hero's abilities submenu | 10 | |
| Remove unit from queue | 1 | |
| Right click | 1423 | |
| Select / deselect | 564 | |
| Select group hotkey | 1098 | |
| Use ability | 118 | |
3373 total
» units
| Acolyte | 7 | |
| Ghoul | 5 | |
| Crypt Fiend | 26 | |
| Obsidian Statue | 4 | |
42 total
» upgrades
| Creature Attack | 2 | |
| Web | 1 | |
| Burrow | 1 | |
| Destroyer Form | 1 | |
| Creature Carapace | 1 | |
6 total
» buildings
| Crypt | 1 | |
| Ziggurat | 10 | |
| Altar of Darkness | 1 | |
| Graveyard | 1 | |
| Tomb of Relics | 1 | |
| Halls of the Dead | 1 | |
| Spirit Tower | 5 | |
| Black Citadel | 1 | |
| Slaughterhouse | 2 | |
| Necropolis | 1 | |
24 total
» build order
00:09 Crypt
00:11 Ziggurat
00:40 Altar of Darkness
00:58 Graveyard
01:25 Ziggurat
02:05 Tomb of Relics
02:51 Ziggurat
04:15 Halls of the Dead
05:11 Ziggurat
06:31 Spirit Tower
06:32 Spirit Tower
10:50 Black Citadel
11:42 Slaughterhouse
11:46 Slaughterhouse
13:09 Ziggurat
13:12 Ziggurat
13:17 Ziggurat
21:16 Spirit Tower
21:17 Spirit Tower
22:17 Spirit Tower
24:30 Ziggurat
28:36 Necropolis
31:28 Ziggurat
31:31 Ziggurat
» items
| Rod of Necromancy | 1 | |
| Boots of Speed | 1 | |
| Scroll of Town Portal | 1 | |
| Potion of Healing | 1 | |
4 total
Chat log
(00:03 / All) Gaia[GGL]: hihi all ^_^
(00:04 / Allies) DevouR: rush
(00:06 / All) Gaia[GGL]: wow! many pros this game
(00:06 / Allies) DevouR: yellow is a faggot
(00:17 / All) DevouR: i swear to god
(00:20 / All) DevouR: you better mass foots
(00:26 / All) Gaia[GGL]: i play random
(00:28 / All) Gaia[GGL]: i not always human
(00:44 / All) DevouR: so when you are human you lose on purpose...
(00:45 / All) DevouR: got it
(00:58 / All) Gaia[GGL]: mass foots is strong when my allies actually go 2 barracks 50 food
(01:04 / All) Gaia[GGL]: but when ppl like u get 3 grunts for a rush theres issues
(01:05 / All) DevouR: yawn
(01:14 / All) DevouR: when was a rush ever established
(01:24 / All) Promaster: when he said it in his head
(01:25 / All) Gaia[GGL]: i didnt mass foots last game
(01:26 / All) DevouR: 3 games ago you had tier 1 foots 20 minutes into the game
(01:29 / All) DevouR: you fuckin idiot
(01:31 / All) p3n1s: august 3rd 2006
(01:35 / All) Gaia[GGL]: idk wat ur talking about ^_^
(01:42 / All) KillyKillyKilly: My friends you are in for a treat, they call me the GREAT BAMBINO of BATTLE NET
(01:43 / All) DevouR: of course you dont
(01:54 / All) 8)))): played yel before he sucks cock
(01:55 / All) Gaia[GGL]: teal is apro i can tell from his base build
(01:57 / All) DevouR: damn oj
(01:58 / All) Gaia[GGL]: yall better watch out
(02:00 / All) DevouR: thought we were friends
(02:24 / All) 8)))): why'd he leave lol
(02:37 / All) KillyKillyKilly: He didn't want to be overshadowed on the score screen by me, the GREAT BAMINO of BATTLE NET
(03:04 / Allies) DevouR: guys
(03:07 / Allies) DevouR: we rushing right?
(03:11 / All) ConsiderLosing: where?
(03:11 / Allies) Adagiomang: yuea
(03:19 / Allies) Adagiomang: oj has 2 tower
(03:49 / Allies) DevouR: red got windwalk?
(03:52 / Allies) Adagiomang: yes
(03:52 / Allies) DevouR: lets harrass the elf
(04:02 / Allies) DevouR: perfect
(04:10 / Allies) DevouR: nvm
(04:11 / Allies) DevouR: he afk
(04:41 / Allies) Adagiomang: out
(06:23 / Allies) Adagiomang: we rdy?
(07:08 / Allies) Adagiomang: hit top side
(07:17 / Allies) 8)))): hit bot
(08:08 / Allies) ConsiderLosing: do you need that pendant?
(09:20 / Allies) Adagiomang: goi
(10:32 / All) p3n1s: such a stupif game
(10:37 / All) DevouR: :(
(11:10 / Allies) DevouR: got web?
(12:44 / Allies) Adagiomang: otu
(13:55 / Allies) 8)))): lumber me if you can
(14:02 / Allies) 8)))): ty
(19:02 / Allies) DevouR: jesus pink lol
(19:03 / Allies) DevouR: 4k man
(19:06 / Allies) DevouR: use that shit
(19:08 / Allies) DevouR: we could def win this
(19:10 / Allies) 8)))): no wood
(19:15 / Allies) 8)))): ty
(19:45 / Allies) DevouR: mass air
(21:01 / Allies) DevouR: someone spare me gold to buy orb?
(21:09 / Allies) DevouR: ty
(21:20 / Allies) DevouR: purp is so fucked lol
(21:26 / Allies) DevouR: kept taking his peons out
(21:47 / Allies) DevouR: stay together guys
(23:07 / Allies) DevouR: good shit feellas
(23:45 / Allies) DevouR: wood for main?
(24:09 / Allies) DevouR: damnit lol
(24:22 / Allies) DevouR: FUUCK
(24:46 / Allies) DevouR: i did what i could to purple
(24:49 / Allies) DevouR: luckily he's out now
(25:56 / Allies) DevouR: GET THAT NIGGA PINK!
(25:59 / Allies) DevouR: FUCK THAT NIGGA UP!
(26:19 / Allies) DevouR: now spend that gold lol
(35:15 / Allies) Adagiomang: we have a plan lol?
(35:19 / Allies) ConsiderLosing: no
(35:31 / Allies) Adagiomang: pink is afk huh
(35:32 / All) 8)))): gonna chill and drink my coffee a few mins
(35:36 / Allies) Adagiomang: ah
(35:38 / Allies) Adagiomang: word lol
(35:49 / Allies) Adagiomang: ill get some cookies real quick
(35:51 / All) Promaster: its like 9pm
(36:00 / All) 8)))): 6pm here
(36:03 / Allies) DevouR: who's winning
(36:10 / Allies) DevouR: i went to go take a shit and the game still going
(36:33 / Allies) ConsiderLosing: do you have any units?
(36:40 / Allies) DevouR: lol pink just go to 100 food limit bro
(36:44 / Allies) DevouR: you got the resources down already
(36:59 / Allies) 8)))): still 10k left in my mines
(37:02 / Allies) 8)))): don't want it to go to waste
(37:06 / Allies) DevouR: lmao
(37:06 / Allies) DevouR: wtf
(37:07 / Allies) DevouR: lol
(37:11 / Allies) DevouR: you don't wana win?
(37:19 / Allies) DevouR: that extra unit source is gona rape these guys
(37:20 / Allies) 8)))): I do but I'm not in a hurry
(37:23 / Allies) 8)))): this some good coffee
(37:29 / All) 8)))): bad idea, orange
(37:32 / Allies) DevouR: jesus lol
(37:41 / Allies) DevouR: gona go eat then lol
(37:42 / Allies) DevouR: gl fellas
(37:54 / Allies) DevouR: take that nigga out
(38:01 / All) 8)))): go away
(38:04 / All) 8)))): bad boys
(38:09 / All) 8)))): trying to enjoy a hot cuppa
(38:23 / Allies) DevouR: net
(38:24 / Allies) DevouR: net them
(38:47 / All) DevouR: FUCK HIM RIGHT IN THE MOUTH
(39:00 / All) 8)))): let me enjoy my drink bitches
(39:11 / All) DevouR: LMAO
(39:32 / Allies) DevouR: focus the hawks
(39:38 / Allies) DevouR: the dragon riders are weak sauce
(39:55 / Allies) DevouR: dk
(39:57 / Allies) DevouR: be careful
(40:23 / Allies) DevouR: buys potion on me ;)
(40:23 / Allies) ConsiderLosing: i have no acolytes
(40:26 / Allies) ConsiderLosing: oh
(40:29 / Allies) DevouR: lol
(42:49 / All) 8)))): stop using chims on me ho
(43:37 / All) p3n1s: pig fuckers
(43:40 / All) p3n1s: stop babysitting
(43:40 / All) 8)))): suck my cock
(44:04 / All) p3n1s: y not just atttack?
(44:21 / All) Adagiomang: he's drinking some coffee man
(44:23 / All) Adagiomang: have some respect
(44:31 / All) DevouR: why don't YALL just attack....
(44:35 / All) p3n1s: youre losing
(44:39 / All) p3n1s: you dont get it
(44:40 / All) DevouR: soooo
(44:41 / All) DevouR: attack?
(44:43 / All) 8)))): you don't get it oj
(44:51 / All) 8)))): nice hacks btw on those chims
(44:55 / All) 8)))): soon as my army is nearby you move them away
(44:57 / All) 8)))): even when you cant see it
(45:00 / All) DevouR: Then we shoudlnt attack...
(45:04 / All) DevouR: That's just common sense
(45:08 / All) p3n1s: no hack you just bad
(46:09 / Allies) DevouR: just make the 20 foods worth of bats pink
(46:12 / Allies) DevouR: then it's easy gg
(46:47 / Allies) ConsiderLosing: they've got a whole mine. i think we just lose
(47:02 / Allies) DevouR: because pink is being super passive lol
(47:07 / Allies) DevouR: he coulda easily won already
(47:14 / Allies) 8)))): I'm having fun
(47:18 / Allies) DevouR: i see that lol
(47:27 / Allies) DevouR: at the expense of our humility
(47:39 / Allies) DevouR: we were trying to help you...but now you choose to lose for us :(
(48:00 / Allies) DevouR: careful
(48:16 / Allies) DevouR: b;lue hlp them
(49:06 / All) 8)))): great mh
(49:10 / Allies) ConsiderLosing: how do they know
(49:12 / Allies) ConsiderLosing: every time
(49:14 / Allies) 8)))): yeah
(49:18 / Allies) 8)))): it's obvious maphacking
(49:20 / Allies) 8)))): as soon as I react
(49:30 / Allies) Adagiomang: think we lose boys
(49:42 / Allies) ConsiderLosing: maybe not
(49:49 / All) p3n1s: i totally ported
(49:50 / All) p3n1s: bullshit
(50:08 / All) Adagiomang: need the maphack bro
(50:14 / All) Adagiomang: like whoever is using yellow
(50:20 / All) 8)))): they're not even a little covert about it either
(50:22 / All) Promaster: not map hacking
(50:29 / All) Adagiomang: kk
(50:34 / All) ConsiderLosing: chims dude always knows
(50:45 / All) Promaster: allways see with vision yes
(50:58 / All) 8)))): your vision of whole map lol
(51:05 / All) Promaster: vision where my chims at
(56:52 / All) 8)))): Listen up everyone me and teal are in this together, we are going to give you all equal chances at victory
(56:58 / All) 8)))): we're going to kill everything including our own units
(57:03 / All) Adagiomang: fuck you
(57:04 / All) 8)))): and leave nothing left
(57:08 / All) 8)))): so you all have equal shots at winning
(57:09 / All) Promaster: pretty sure i hve no chance at victory with my 31gold
(57:12 / All) 8)))): can leave your PCs on all night gfor the win
(57:21 / All) 8)))): I just explained it to you how you will retard no one will have anything
(57:43 / All) KillyKillyKilly: was that all your team
(57:51 / All) KillyKillyKilly: Ah, ace in the hole
(57:53 / All) KillyKillyKilly: good ole green
(57:53 / All) 8)))): no
(58:49 / All) p3n1s: lame shit
(58:53 / All) p3n1s: waste my day
(58:57 / Allies) DevouR: pink?
(58:58 / All) 8)))): excited to leave the game running for a win?
(59:04 / All) Promaster: was a good game till this point
(59:06 / All) 8)))): from where you're kneeling it must look like an 18 karat run of bad luck
(59:06 / All) DevouR: did we win?
(59:07 / All) 8)))): but TRUTH IS
(59:09 / All) DevouR: lmfaooo
(59:10 / All) KillyKillyKilly: AWWWWWWWWWWWWW
(59:10 / All) 8)))): THE GAME WAS RIGGeD FROM THE START
(59:12 / All) DevouR: YAAY
(59:12 / All) DevouR: GG
(59:14 / All) 8)))): oh
(59:16 / All) 8)))): just you left green
(59:18 / All) KillyKillyKilly: Sorry green
(59:19 / All) 8)))): no standoff, sorry pal
(59:21 / All) 8)))): you gotta lose
(59:23 / All) KillyKillyKilly: They just robbed you of your chance at victory
(59:25 / All) DevouR: it's all good
(59:34 / All) 8)))): leave now you get a tie, stay you get a loss
(59:39 / All) DevouR: oh
(59:42 / All) DevouR: idc lol
(59:49 / All) DevouR: was just fun watching
(60:10 / All) DevouR: i shall stay to the very end with you pinky winky
(61:16 / All) DevouR: so how about them cavs
(61:30 / All) KillyKillyKilly: what about em
(61:36 / All) DevouR: idk
(61:39 / All) KillyKillyKilly: buncha niggers if you ask me
(61:40 / All) DevouR: just makin small talk
(61:41 / All) 8)))): Wonder who was hacker on your team
(61:43 / All) DevouR: lmfao
(61:44 / All) 8)))): who was using the chims
(61:48 / All) KillyKillyKilly: purple
(62:01 / All) KillyKillyKilly: he's 6-1 solo
(62:05 / All) KillyKillyKilly: 27-17 team
(62:07 / All) 8)))): too bad this homo won't leave
(62:15 / All) KillyKillyKilly: yeah would be nice to give him a loss
(62:23 / All) 8)))): why are you so selfish green
(62:28 / All) 8)))): anything to say for yourself before I end it?
(62:35 / All) DevouR: and just made a fresh pot of coffee
(62:39 / All) DevouR: yea
(62:40 / All) 8)))): I'm drinking coffee too
(62:42 / All) 8)))): but I'm not selfish
(62:45 / All) DevouR: bates motel is the best show on netflix
(62:51 / All) DevouR: you should give it a view
(62:59 / All) 8)))): never heard of it, what's it about
(63:07 / All) KillyKillyKilly: First Psycho was enough for me, tanks
(63:09 / All) DevouR: that and lemony snickets series of unfortunet events
(63:13 / All) 8)))): oh
(63:17 / All) 8)))): bates as in from psycho
(63:18 / All) 8)))): lame
(63:22 / All) DevouR: yea it's based on that show
(63:27 / All) 8)))): it's a movie
(63:28 / All) 8)))): lol
(63:28 / All) DevouR: movie *
(63:30 / All) DevouR: yea
(63:39 / All) DevouR: think there was 2 ofem